 Dungeon Crawl Stone Soup version 0.27-a0-906-g0a00ce8 (webtiles) character file.

Game seed: 17982446553999630970

31 Nithhogg the Skirmisher (level 3, -3/29 HPs)
             Began as a Demonspawn Fighter on Apr 7, 2021.
             Slain by an ice beast (9 damage)
             ... on level 2 of the Dungeon.
             The game lasted 00:02:00 (1353 turns).

Nithhogg the Skirmisher (Demonspawn Fighter)        Turns: 1353, Time: 00:02:01

Health: -3/29      AC:  6    Str: 14 (17) XL:     3   Next: 7%
Magic:  4/4        EV:  6    Int:  6 (9)  God:
Gold:   35         SH:  8    Dex: 10 (12) Spells: 2/2 levels left

rFire    . . .     SeeInvis .   a - +0 long sword
rCold    . . .     Faith    .   c - +0 kite shield
rNeg     . . .     Spirit   .   b - +0 scale mail
rPois    .         Reflect  .   (no helmet)
rElec    .         Harm     .   (no cloak)
rCorr    .         Rampage  .   (no gloves)
Will     .....                  (no boots)
Stlth    ..........             (no amulet)
HPRegen  0.09/turn              (no ring)
MPRegen  0.09/turn              (no ring)

@: no status effects
A: hooves 2, MP-powered wands
a: no special abilities


You were on level 2 of the Dungeon.
You visited 1 branch of the dungeon, and saw 2 of its levels.

You collected 35 gold pieces.

Inventory:

Hand Weapons
 a - a +0 long sword (weapon)
Armour
 b - a +0 scale mail (worn)
 c - a +0 kite shield (worn)
Scrolls
 e - a scroll of torment {unknown}
 h - 2 scrolls of enchant weapon {unknown}
 i - 2 scrolls of immolation {unknown}
Potions
 d - a potion of might
 f - a potion of invisibility


   Skills:
 + Level 3.2 Fighting
 + Level 2.0 Long Blades
 + Level 2.8 Armour
 + Level 0.6 Dodging
 + Level 3.0 Shields
 + Level 1.4 Invocations


You had 2 spell levels left.
You didn't know any spells.
Your spell library was empty.

Dungeon Overview and Level Annotations

Branches:
Dungeon (2/15)

Altars:


Innate Abilities, Weirdness & Mutations

You have hoof-like feet.
You expend magic power (3 MP) to strengthen your wands.


Message History

It was a potion of degeneration.
There was something very wrong with that liquid.
You feel weakened.
You feel dopey.
You feel clumsy.
It was a potion of mutation.
You feel extremely strange.
Your feet thicken and deform.
You feel your magical essence link to the dungeon's wands.
You start resting.
You flicker for a moment.
You start resting.
You flicker back into view.
You start resting.
Magic restored.
You start resting.
Your magical contamination has completely faded away.
You start resting.
HP restored.
There is a stone staircase leading down here.
You climb downwards.
You block the ice beast's attack. x2
There is a stone staircase leading up here.
You closely miss the ice beast. The ice beast hits you.
The ice beast freezes you!
You hit the ice beast. Your kick misses the ice beast.
The ice beast is moderately wounded.
The ice beast barely misses you. You block the ice beast's attack.
You hit the ice beast. Your kick misses the ice beast.
The ice beast is moderately wounded.
The ice beast hits you. The ice beast freezes you!
You are too injured to fight recklessly!
You are too injured to fight recklessly!
You are too injured to fight recklessly!
You are too injured to fight recklessly!
You are too injured to fight recklessly!
You are too injured to fight recklessly!
Your scale mail prevents you from hitting the ice beast.
The ice beast is moderately wounded.
The ice beast hits you but does no damage.
The ice beast hits you.
* * * LOW HITPOINT WARNING * * *
The ice beast freezes you!
You die...

#...#.## ..#....#
#.# ######.# ####.#
.......# #....#
.......# #.##.#
#...##.# #.##.##
..#....######.##..##
#
###..............##
#....######.#.@...##
#.##.# #...Y....##
... #.# #...........
##.# #.#
#........### #.# #.#
##.#.....## #.# #.#
#..##...## #(# #.#
#..###.## #.# #.#
#..# ## #.# #.#
#..###########


You could see an ice beast.

Vanquished Creatures
  An adder (D:1)
  6 endoplasms (D:1)
  A giant cockroach (D:1)
  A quokka (D:1)
  5 ball pythons
  A bat (D:1)
  2 frilled lizards (D:1)
  2 goblins (D:1)
  2 kobolds (D:1)
  2 rats (D:1)
23 creatures vanquished.

Notes
Turn   | Place    | Note
-------+----------+-------------------------------------------
     0 | D:1      | Nithhogg the Demonspawn Fighter began the quest for the
                  | Orb.
     0 | D:1      | Reached XP level 1. HP: 18/18 MP: 1/1
   266 | D:1      | Gained mutation: You have large cloven feet. [demonic
                  | ancestry]
   266 | D:1      | Reached XP level 2. HP: 24/24 MP: 2/2
   457 | D:1      | Reached skill level 1 in Invocations
   738 | D:1      | Found a faded altar of an unknown god.
  1002 | D:2      | Noticed an ice beast
  1029 | D:2      | HP: 1/24 [adder (2)]
  1045 | D:1      | HP: 1/24 [poisoned by an adder]
  1046 | D:1      | Reached XP level 3. HP: 2/29 MP: 2/4
  1047 | D:1      | Gained mutation: You have hoof-like feet. [potion of
                  | mutation]
  1047 | D:1      | Gained mutation: You expend magic power (3 MP) to
                  | strengthen your wands. [potion of mutation]
  1353 | D:2      | Slain by an ice beast

Illustrated notes

Levels and vault maps discovered:
D:1:      lemuel_arrival_hallway, layout_basic,
          ebering_ecumenical_altar_sacrificial, minmay_pentomino_q2
D:2:      layout_loops_ring

Skill      XL: |  1  2 |
---------------+-------+-----
Invocations    | 1 |  1.4
Long Blades    | 2 |  2.0
Shields        | 3 |  3.0
Fighting       | |  3.2
Armour         | |  2.8
Dodging        | |  0.6

Action                   || total
-------------------------++-------
Melee: Long sword        ||    56
       Kick              ||     6
  Use: Potion            ||     4
 Stab: Invisible         ||     2
Armor: Scale mail        ||    36
Dodge: Dodged            ||    26
Block: Kite shield       ||    37
       Rpst.: Long sword ||    12

Table legend: (Time is in decaauts)
 A = Elapsed time spent in this place.
 B = Non-inter-level travel time spent in this place.
 C = Inter-level travel time spent in this place.
 D = Time resting spent in this place.
 E = Time spent auto-exploring this place.
 F = Levels seen in this place.
 G = Mean time per level.
                   A        B        C        D        E       F      G
               +--------+--------+--------+--------+--------+-----+--------+
         Total |   1384 |   1368 |     16 |    442 |    754 |   2 |  692.0 |
       Dungeon |   1384 |   1368 |     16 |    442 |    754 |   2 |  692.0 |
               +--------+--------+--------+--------+--------+-----+--------+

Top non-repeatable levels by time:
     D:1: 1245 daAuts
     D:2: 138 daAuts
